Selects Italian Combined Arms Battlegroup
Selects Bersaglieri Squad
Construct Light Support Kompanie
le.IG 18 Mechanized Group
Pak 38 Anti-tank Gun Team
Selects Semovente da 75/18 Assault Gun
Construct Panzerarmee Kommand
Pak 38 Anti-tank Gun Team
Pak 38 Anti-tank Gun Team
Selects Vehicle Support - Secure Location
Selects Vehicle Support - Force Recon
Selects Vehicle Support - Secure Location
Selects Vehicle Support - Force Recon